 Dungeon Crawl Stone Soup version 0.30-a0-989-g0d87f670db (webtiles) character file.

Game seed: 17761419038021562321

44 LobsterGuardian the Sneak (level 3, 0/14 HPs)
             Began as a Felid Enchanter on Apr 3, 2023.
             Slain by a hobgoblin (5 damage)
             ... on level 2 of the Dungeon.
             The game lasted 00:05:48 (1517 turns).

LobsterGuardian the Sneak (Felid Enchanter)         Turns: 1517, Time: 00:05:49

Health: 0/14       AC:  1    Str:  4    XL:     3   Next: 41%
Magic:  7/7        EV: 14    Int: 18    God:
Gold:   62         SH:  0    Dex: 16    Spells: 1/6 levels left
                                        Lives:  0   Deaths: 0

rFire   . . .      SeeInvis +      - Unarmed
rCold   . . .      Faith    .    (shield unavailable)
rNeg    . . .      Spirit   .    (body armour unavailable)
rPois   .          Reflect  .    (helmet unavailable)
rElec   .          Rampage  .    (cloak unavailable)
rCorr   .                        (gloves unavailable)
Will    .....                    (boots unavailable)
Stlth   +++                      (no amulet)
HPRegen 0.22/turn                (no ring)
MPRegen 0.10/turn                (no ring)

@: constricted, invisible, quick
A: very small, claws 1, fangs 3, see invisible, speed 1, shaggy fur 1, stealthy
paws, no weapons or thrown items, no armour, multi-lived
a: no special abilities


You were on level 2 of the Dungeon.
You visited 1 branch of the dungeon, and saw 2 of its levels.

You collected 62 gold pieces.

Inventory:

Scrolls
 f - a scroll of blinking {unknown}
Potions
 a - a potion of invisibility
 g - a potion of curing


   Skills:
 + Level 2.9 Dodging
 + Level 5.2 Stealth
 * Level 1.4 Unarmed Combat
 + Level 2.2 Spellcasting
 + Level 4.7 Hexes
 + Level 0.1 Ice Magic


You had one spell level left.
You knew the following spells:

 Your Spells              Type           Power      Damage    Failure   Level
a - Ensorcelled Hibernat  Hex/Ice        20%        N/A       10%         2
b - Confusing Touch       Hex            19%        N/A       8%          3

Your spell library contained the following spells:

 Spells                   Type           Power      Damage    Failure   Level
 Freeze                   Ice            8%         1d3       17%         1
 Apportation              Tloc           4%         N/A       19%         1
 Necrotise                Necr           8%         1d4       19%         1
 Summon Small Mammal      Summ           8%         N/A       19%         1
 Tukima's Dance           Hex            19%        N/A       8%          3
 Dazzling Flash           Conj/Hex       20%        N/A       21%         3
 Frozen Ramparts          Ice            4%         1d1       45%         3
 Hailstorm                Conj/Ice       2%         3d3       45%         3


Dungeon Overview and Level Annotations

Branches:
Dungeon (2/15)

Altars:

Shops:
D:2 !


Innate Abilities, Weirdness & Mutations

You have sharp claws.
You have razor-sharp teeth.
You have supernaturally acute eyesight. (SInv)
You cover ground quickly. (Speed+)
You are covered in fur. (AC +1)
Your paws help you pounce on unaware monsters.
You are incapable of wielding weapons or throwing items.
You cannot wear armour.
You gain extra lives every three experience levels.


Message History

You scratch the adder but do no damage.
The adder appears confused.
The adder is lightly wounded.
The adder closely misses you.
The adder bites itself.
You catch the helpless adder completely off-guard!
You claw the adder!
You kill the adder!
You scratch the rat.
The rat is moderately wounded.
The rat closely misses you.
You closely miss the rat.
The rat is moderately wounded.
The rat barely misses you.
You closely miss the rat.
The rat is moderately wounded.
The rat barely misses you.
You scratch the rat.
You kill the rat!
HP restored.
Magic restored.
Done exploring.
There is a stone staircase leading down here.
Done exploring.
You climb downwards.
The hobgoblin hits you. The ball python bites you. The ball python grabs you.
The ball python constricts you.
There is a stone staircase leading up here.
Unknown command.
You escape the ball python's grasp.
The ball python closely misses you. The ball python grabs you.
You stop ascending the stairs.
The ball python constricts you. The hobgoblin barely misses you.
The ball python barely misses you.
Unknown command.
Unknown command.
You fade into invisibility!
The ball python barely misses you. The ball python constricts you.
The hobgoblin barely misses you. The ball python misses you.
The ball python closely misses you. The ball python constricts you.
* * * LOW HITPOINT WARNING * * *
Unknown command.
You barely miss the ball python. The hobgoblin hits you.
You die...

#.# #.#...#
..###.#.#.#
#......$..#
#.........#
#........#
####........#
............#
.##........#
.......S@g..#
#.#....S....#
#.#..####.#
...... .#
#..##.. # ..
#.# #.


You could see a hobgoblin (unable to see you) and 2 ball pythons.

Vanquished Creatures
  An adder (D:1)
  3 dart slugs (D:1)
  2 ball pythons (D:1)
  A bat (D:1)
  2 endoplasms (D:1)
  A giant cockroach (D:1)
  3 goblins (D:1)
  4 hobgoblins (D:1)
  2 jackals (D:1)
  A quokka (D:1)
  A frilled lizard (D:1)
  4 kobolds (D:1)
  2 rats (D:1)
27 creatures vanquished.

Notes
Turn   | Place    | Note
-------+----------+-------------------------------------------
     0 | D:1      | LobsterGuardian the Felid Enchanter began the quest for the
                  | Orb.
     0 | D:1      | Reached XP level 1. HP: 7/7 MP: 4/4
   159 | D:1      | Reached XP level 2. HP: 11/11 MP: 6/6
   164 | D:1      | Learned a level 2 spell: Ensorcelled Hibernation
   689 | D:1      | Reached skill level 5 in Stealth
   842 | D:1      | Reached XP level 3. HP: 14/14 MP: 7/7
   897 | D:1      | Learned a level 3 spell: Confusing Touch
  1418 | D:2      | Found Daxingee's Distillery.
  1517 | D:2      | Slain by a hobgoblin

Illustrated notes

Levels and vault maps discovered:
D:1:      eino_arrival_cavern_d, layout_basic, nicolae_figureground_sparkle
D:2:      layout_rooms, serial_shops, shop, basic_altar, uniq_terence

Skill      XL: |  1  2 |
---------------+-------+-----
Stealth        | 5 |  5.2
Dodging        | |  2.9
Unarmed Combat | |  1.4
Spellcasting   | |  2.2
Hexes          | |  4.7
Ice Magic      | |  0.1

Action                     || total
---------------------------++-------
  Melee: Unarmed           ||    51
         Bite              ||     5
   Cast: Ensorcelled Hiber ||    17
         Confusing Touch   ||     1
    Use: Scroll            ||     4
         Potion            ||     1
   Stab: Sleeping          ||    16
         Confused          ||     1
 Armour: Skin              ||     1
  Dodge: Dodged            ||    46

Table legend: (Time is in decaauts)
 A = Elapsed time spent in this place.
 B = Non-inter-level travel time spent in this place.
 C = Inter-level travel time spent in this place.
 D = Time resting spent in this place.
 E = Time spent auto-exploring this place.
 F = Levels seen in this place.
 G = Mean time per level.
                   A        B        C        D        E       F      G
               +--------+--------+--------+--------+--------+-----+--------+
         Total |   1313 |   1276 |     37 |      0 |   1067 |   2 |  656.5 |
       Dungeon |   1313 |   1276 |     37 |      0 |   1067 |   2 |  656.5 |
               +--------+--------+--------+--------+--------+-----+--------+

Top non-repeatable levels by time:
     D:1: 1302 daAuts
     D:2: 10 daAuts
